AoeStats
← monJ3__

Nomad

510819779Analyzed
2v2 RM · 1d ago on Oct 2, 2026· 34m 13s· 4 players
Game mode
Random Map
Map size
176×176
Population
200
Speed
Normal
Resources
Standard
Victory
Conquest
Starting age
Dark Age
Ending age
Imperial Age
RankedLock teamsTeams togetherTeam positionsShared explorationLock speedFull tech treeHidden civsTurbo modeCheats
Victory
Defeat
🇩🇪 Malians · Germany
1256
+17
🇩🇪 Byzantines · Germany
1245
+17
🇦🇷 Huns · Argentina
1292
-17
🇦🇷 Khmer · Argentina
1263
-17
prinzessin salzig
3:32 Loom
15:59 Feudal Age
19:47 Castle Age
18:10 Double-Bit Axe
19:05 Town Watch
24:07 Medium Warships
25:20 Forging
25:09 Murder Holes
26:58 Arson
28:35 Wheelbarrow
30:17 Masonry
wasserk0cher
3:16 Loom
16:31 Feudal Age
17:03 Double-Bit Axe
21:44 Castle Age
20:04 Fletching
21:28 Stone Mining
22:55 Medium Warships
30:36 Imperial Age
29:08 Wheelbarrow
30:51 Heavy Camel Rider
33:15 Bodkin Arrow
33:28 Fishing Lines
33:53 Gold Mining
34:21 Hand Cart
monJ3__
13:16 Feudal Age
11:31 Loom
17:06 Castle Age
17:35 Double-Bit Axe
18:02 Scale Barding Armor
18:23 Bloodlines
18:14 Husbandry
21:10 Fletching
22:20 Padded Archer Armor
24:20 Gold Mining
25:02 Medium Warships
30:16 Bow Saw
Aldeano sin Telar
5:03 Loom
15:48 Feudal Age
18:28 Castle Age
16:21 Double-Bit Axe
16:48 Gold Mining
17:03 Fishing Lines
18:30 Forging
18:25 Scale Barding Armor
19:09 Bloodlines
19:40 Gillnets
21:15 Wheelbarrow
22:25 Husbandry
22:46 Bow Saw
22:34 Fletching
25:03 Medium Warships
26:38 Hand Cart
36:35 Imperial Age
Connection lost

Rejoining the realm…

Still unreachable

The connection could not be restored.

Session expired

The server has moved on; the page needs a fresh start.